 Dungeon Crawl Stone Soup version 0.17.1-1-g73c8601 (console) character file.

124 Kloppie the Chopper (level 4, 0/40 HPs)
             Began as a Minotaur Gladiator on Dec 24, 2015.
             Killed by divine providence
             ... invoked by an orc priest
              (8 damage)
             ... on level 3 of the Dungeon.
             The game lasted 00:02:56 (1910 turns).

Kloppie the Chopper (Minotaur Gladiator)            Turns: 1910, Time: 00:02:56

Health: 0/40       AC:  4    Str: 19    XL:     4   Next: 81%
Magic:  3/3        EV: 13    Int:  6    God:
Gold:   178        SH:  0    Dex: 11    Spells: 0 memorised, 3 levels left

rFire  . . .     SeeInvis .     a - +0 war axe
rCold  . . .     Clarity  .     b - +0 leather armour
rNeg   . . .     SustAt   .     (no shield)
rPois  .         Gourm    .     c - +0 hat
rElec  .         Spirit   .     (no cloak)
rCorr  .         Warding  .     (no gloves)
rMut   .         Stasis   .     f - +0 pair of boots
MR     .....                    (no amulet)
Stlth  +.........               (no ring)
                                (no ring)

@: not resistant to hostile enchantments, very unstealthy
A: retaliatory headbutt, horns 2
a: no special abilities


You were on level 3 of the Dungeon.
You were not hungry.

You visited 1 branch of the dungeon, and saw 3 of its levels.

You collected 178 gold pieces.

Inventory:

Hand Weapons
 a - a +0 war axe (weapon)
Missiles
 d - 3 throwing nets (quivered)
Armour
 b - a +0 leather armour (worn)
 c - a +0 hat (worn)
 f - a +0 pair of boots (worn)
Scrolls
 g - 2 scrolls of identify {unknown}
 k - 2 scrolls of recharging {unknown}
 l - 2 scrolls of enchant armour {unknown}
 o - a scroll of random uselessness {unknown}
 p - a scroll of remove curse {unknown}
 q - 3 scrolls of teleportation {unknown}
 t - a scroll of immolation {unknown}
 v - a scroll of fear {unknown}
 w - a scroll of enchant weapon {unknown}
Potions
 h - a potion of curing {unknown}
 i - a potion of heal wounds {unknown}
 j - a potion of brilliance {unknown}
 m - 2 potions of ambrosia {unknown}
 r - a potion of flight {unknown}
 u - a potion of poison {unknown}
 x - a potion of haste {unknown}
Comestibles
 e - 2 bread rations
 n - a beef jerky
 s - 3 chunks of flesh


   Skills:
 + Level 4.2 Fighting
 + Level 4.7 Axes
 - Level 2.0 Throwing
 + Level 4.3 Dodging


You had 3 spell levels left.
You didn't know any spells.

Dungeon Overview and Level Annotations

Branches:
Dungeon (3/15)

Altars:
Ashenzari
Cheibriados
Elyvilon
Gozag
Okawaru
Ru
Vehumet


Innate Abilities, Weirdness & Mutations

You reflexively headbutt those who attack you in melee.
You have a pair of horns on your head.


Message History

You are too injured to fight recklessly!
You hit the orc but do no damage.
The orc wizard gestures wildly while chanting.
The orc wizard blinks!
The orc hits you but does no damage.
You closely miss the orc. The orc closely misses you.
You barely miss the orc. You headbutt the orc.
You kill the orc!
The orc priest invokes the aid of Beogh against you.
Something smites you!
* * * LOW HITPOINT WARNING * * *
The orc priest miscasts a cantrip.
Things that are here:
a dagger; a ring mail You hit the orc priest but do no damage.
The orc priest misses you.
You hit the orc priest.
The orc priest is moderately wounded.
The orc priest calls down the wrath of Beogh upon you.
Something smites you!
You die...

#.# ##.##
#.###...##
#.##.....#########
#.###............#
#.###..##.##.###.#
..........##.# #.#
#.###..#####.# #.#
### #..# #.# #.#
#.... ..# #@#
.....# ### #o#
......# #o# ##
.......#


.ro .+ ......+ ... ## #...o ##... ##... You could see an orc priest, an orc
wizard, 2 orcs and a quokka.

Vanquished Creatures
  A centaur skeleton (D:3)
  3 adders (D:2)
  2 giant geckos
  3 orcs (D:3)
  A ball python (D:1)
  9 hobgoblins
  5 jackals
  5 kobolds
  2 quokkas
  8 bats
  3 giant cockroaches
  4 giant newts
  7 goblins
  6 rats
59 creatures vanquished.

Vanquished Creatures (others)
  A jackal (D:3)
1 creature vanquished.

Grand Total: 60 creatures vanquished

Notes
Turn   | Place    | Note
--------------------------------------------------------------
     0 | D:1      | Kloppie the Minotaur Gladiator began the quest for the Orb.
     0 | D:1      | Reached XP level 1. HP: 18/18 MP: 0/0
   453 | D:1      | Reached XP level 2. HP: 25/25 MP: 1/1
   588 | D:1      | Reached skill level 4 in Axes
   903 | D:2      | Reached XP level 3. HP: 28/31 MP: 2/2
  1011 | D:2      | Found an iron altar of Okawaru.
  1014 | D:2      | Found an opulent altar of Gozag.
  1017 | D:2      | Found a snail-covered altar of Cheibriados.
  1058 | D:2      | Found a white marble altar of Elyvilon.
  1285 | D:2      | Found a sacrificial altar of Ru.
  1285 | D:2      | Found a radiant altar of Vehumet.
  1440 | D:3      | Reached XP level 4. HP: 35/39 MP: 3/3
  1499 | D:3      | Found a shattered altar of Ashenzari.
  1910 | D:3      | Killed from afar by an orc priest

Action                   |  1- 3 |  4- 6 || total
-------------------------+-------+-------++-------
Melee: War axe           |    71 |    30 ||   101
 Stab: Sleeping          |       |     1 ||     1
  Eat: Chunk             |     2 |     1 ||     3
